 Dungeon Crawl Stone Soup version 0.22.1-2-g9c5b331383 (webtiles) character file.

8519 Descartes the Grappler (level 11, -5/48 HPs)
             Began as a Vine Stalker Transmuter on Dec 24, 2018.
             Was a Priest of Qazlal.
             Hit by a silver javelin thrown by a minotaur (19 damage)
             ... in a labyrinth.
             The game lasted 00:45:01 (10297 turns).

Descartes the Grappler (Vine Stalker Transmuter)   Turns: 10297, Time: 00:45:02

Health: -5/48      AC: 19    Str: 15    XL:     11   Next: 32%
Magic:  0/23       EV: 11    Int: 15    God:    Qazlal [***...]
Gold:   483        SH:  3    Dex: 14    Spells: 17/25 levels left

rFire    . . .     SeeInvis .     - Unarmed
rCold    + . .     Gourm    .   (no shield)
rNeg     . . .     Faith    .   t - +3 scale mail {rC+}
rPois    .         Spirit   +   p - +1 helmet
rElec    .         Reflect  .   (no cloak)
rCorr    .         Harm     .   (no gloves)
MR       ++...                  (boots currently unavailable)
Stlth    ..........             A - amulet of the acrobat
HPRegen  0.56/turn              E - ring of protection from magic
MPRegen  0.18/turn              j - +5 ring of protection

@: appendage
A: fangs 3, talons 3, molten scales 1, regeneration 1, magic shield, antimagic
bite, no potion heal 3, rot immunity, sturdy frame 1
a: End Transformation, Upheaval, Elemental Force, Renounce Religion


You were in a labyrinth.
You worshipped Qazlal.
Qazlal was most pleased with you.
You were not hungry.
You had grown temporary talons.
You visited 3 branches of the dungeon, and saw 11 of its levels.
You also visited: Labyrinth.

You collected 483 gold pieces.

Inventory:

Hand Weapons
 u - a +0 hunting sling
Missiles
 a - 130 arrows
 v - 29 sling bullets
 F - 4 throwing nets (quivered)
 K - 3 exploding tomahawks
 M - 3 tomahawks
Armour
 p - a +1 helmet (worn)
 t - a +3 scale mail of cold resistance (worn)
 L - a +0 large shield
Magical Staves
 y - an uncursed staff of wizardry
Jewellery
 f - an uncursed ring of fire
 j - a +5 ring of protection (right hand)
 o - an uncursed ring of wizardry
 A - an amulet of the acrobat (around neck)
 E - a ring of protection from magic (left hand)
Wands
 r - a wand of paralysis (8)
 s - a wand of random effects (23)
 H - a wand of enslavement (18)
 O - a wand of polymorph (21)
 P - a wand of digging (13)
Scrolls
 c - 5 scrolls of remove curse
 e - 2 scrolls of noise
 g - 2 scrolls of fear {unknown}
 i - a scroll of random uselessness {unknown}
 k - a scroll of blinking {unknown}
 m - 3 scrolls of enchant weapon
 B - 2 scrolls of fog {unknown}
 C - 2 scrolls of teleportation {unknown}
 G - 3 scrolls of amnesia {unknown}
 J - a scroll of identify
 N - a scroll of enchant armour {unknown}
Potions
 h - 3 potions of flight
 l - 3 potions of cancellation
 n - 2 potions of brilliance
 q - a potion of might
 w - 2 potions of agility
 x - 3 potions of curing
 z - a potion of lignification
 D - 2 potions of invisibility
 I - 2 potions of haste
Comestibles
 d - 13 rations


   Skills:
 - Level 0.8 Fighting
 + Level 6.0 Armour
 - Level 2.2 Dodging
 + Level 3.3 Shields
 * Level 11.1 Unarmed Combat
 + Level 7.6 Spellcasting
 + Level 7.9 Transmutations


You had 17 spell levels left.
You knew the following spells:

 Your Spells              Type           Power        Failure   Level  Hunger
a - Beastly Appendage     Tmut           ####..       1%          1    None
b - Sticks to Snakes      Tmut           ####....     1%          2    None
c - Blade Hands           Tmut           ####......   30%         5    #####..

Your spell library contained the following spells:

 Spells                   Type           Power        Failure   Level  Hunger
 Spider Form              Tmut/Pois      ###.......   16%         3    ##.....
 Animate Skeleton         Necr           N/A          28%         1    None
 Apportation              Tloc           #.....       28%         1    None
 Confusing Touch          Hex            #.....       28%         1    None
 Summon Small Mammal      Summ           #...         28%         1    None
 Call Imp                 Summ           #.......     38%         2    None
 Ice Form                 Ice/Tmut       ###.....     47%         4    ####...
 Call Canine Familiar     Summ           #.......     63%         3    ##.....
 Summon Guardian Golem    Hex/Summ       #.......     63%         3    ##.....
 Summon Ice Beast         Ice/Summ       #.......     95%         4    ####...
 Summon Lightning Spire   Summ/Air       #.......     95%         4    ####...


Dungeon Overview and Level Annotations

Branches:
Dungeon (9/15)             Temple (1/1) D:5            Lair (1/6) D:9
    Orc: D:9-12

Altars:
Ashenzari
Cheibriados
Dithmenos
Elyvilon
Fedhas
Gozag
Hepliaklqana
Kikubaaqudgha
Makhleb
Nemelex Xobeh
Okawaru
Qazlal
Ru
Sif Muna
Trog
Uskayaw
Vehumet
Wu Jian
Xom
Yredelemnul
Zin
The Shining One

Shops:
D:8 *

Annotations:
D:7 1 runed door, vasus's ghost, novice DsMo


Innate Abilities, Weirdness & Mutations

You have razor-sharp teeth.
Your natural rate of healing is unusually fast.
When hurt, damage is shared between your health and your magic reserves.
Your bite disrupts and absorbs the magic of your enemies.
Potions cannot restore your health.
You are immune to rotting.
You have claws for feet.
You are partially covered in molten scales. (AC +2)
Your movements are slightly less encumbered by armour. (ER -2)


Message History

The minotaur gores you but does no damage.
You are too injured to fight recklessly!
You are too injured to fight recklessly!
Aiming: Upheaval
Press: ? - help, Dir - move target cursor, f - minotaur
Aim: a minotaur, wearing a plate armour That beam is likely to hit you.
Continue anyway?
Okay, then.
The minotaur throws a silver javelin.
The silver javelin hits you! The silver sears you!
* * * LOW HITPOINT WARNING * * *
You see here 3 silver javelins.
Aiming: Upheaval
Press: ? - help, Dir - move target cursor, f/p - minotaur
Aim: a minotaur, wearing a plate armour Magma suddenly erupts from the ground!
The blast of magma engulfs the minotaur.
The minotaur is lightly wounded.
The minotaur throws a silver javelin.
The silver javelin hits you!!
You die...

###########
......H...#
#########.#
#........@#
#####.#####
# ..#.#
#...# . ##
.# . #.# #
.# # # .#
.. # #.
##.# .##
.......# ..


You could see a minotaur.

Vanquished Creatures
  A two-headed ogre (D:9)
  2 spiny frogs (Lair:1)
  A black mamba (Lair:1)
  A komodo dragon (D:9)
  4 blink frogs
  4 hippogriffs
  Grum (D:8)
  2 hungry ghosts
  Menkaure (D:5)
  3 porcupines (Lair:1)
  2 orc warriors
  2 ice beasts
  2 black bears
  2 sky beasts (D:6)
  A necrophage (D:7)
  3 ogres
  9 wolves
  3 centaurs
  A crocodile (Lair:1)
  9 bullfrogs
  2 wyvern zombies (D:9)
  2 scorpions
  3 killer bees
  3 howler monkeys (D:8)
  3 crimson imps
  4 hounds
  A quasit (D:6)
  2 centaur skeletons
  2 gnoll shamans
  An orc priest (D:4)
  3 jellies
  5 orc wizards
  4 iguanas
  2 bullfrog skeletons
  Terence (D:2)
  8 worker ants
  2 hound skeletons
  8 gnolls
  A howler monkey skeleton (D:6)
  7 adders
  A shadow imp (D:8)
  3 oozes
  An adder skeleton (D:4)
  2 worms
  2 dart slugs
  8 leopard geckos
  26 orcs
  2 giant cockroaches
  12 hobgoblins
  11 jackals
  7 kobolds
  3 quokkas
  2 ball pythons
  5 bats
  8 frilled lizards
  7 goblins
  A leopard gecko skeleton (D:4)
  A quokka skeleton (D:4)
  11 rats
231 creatures vanquished.

Vanquished Creatures (others)
  A plant (D:9)
1 creature vanquished.

Grand Total: 232 creatures vanquished

Notes
Turn   | Place    | Note
-------+----------+-------------------------------------------
     0 | D:1      | Descartes the Vine Stalker Transmuter began the quest for
                  | the Orb.
     0 | D:1      | Reached XP level 1. HP: 9/9 MP: 4/4
   107 | D:1      | Reached XP level 2. HP: 6/14 MP: 3/6
  1283 | D:2      | Reached XP level 3. HP: 6/17 MP: 5/7
  1631 | D:2      | Found a bloodstained altar of Trog.
  1771 | D:2      | Found an opulent altar of Gozag.
  1807 | D:2      | Reached skill level 4 in Unarmed Combat
  1807 | D:2      | Gained mutation: Your natural rate of healing is unusually
                  | fast. [Vine Stalker growth]
  1807 | D:2      | Reached XP level 4. HP: 14/21 MP: 5/8
  2022 | D:2      | Noticed Terence
  2069 | D:2      | Killed Terence
  2472 | D:2      | Reached XP level 5. HP: 25/25 MP: 9/9
  2662 | D:3      | Learned a level 2 spell: Sticks to Snakes
  2668 | D:3      | Learned a level 5 spell: Blade Hands
  2756 | D:3      | Found a burning altar of Makhleb.
  3036 | D:4      | Reached skill level 1 in Armour
  3099 | D:4      | Reached skill level 5 in Unarmed Combat
  3099 | D:4      | Reached XP level 6. HP: 21/29 MP: 4/11
  3305 | D:4      | Reached XP level 7. HP: 16/32 MP: 6/12
  3435 | D:4      | Found a shimmering altar of Xom.
  3765 | D:4      | Reached skill level 6 in Unarmed Combat
  3804 | D:5      | Entered Level 5 of the Dungeon
  3827 | D:5      | Noticed Menkaure
  3838 | D:5      | Killed Menkaure
  3966 | D:5      | Gained mutation: You have razor-sharp teeth. [Vine Stalker
                  | growth]
  3966 | D:5      | Reached XP level 8. HP: 30/37 MP: 13/15
  4342 | D:5      | Found a staircase to the Ecumenical Temple.
  4353 | Temple   | Entered the Ecumenical Temple
  4460 | Temple   | Became a worshipper of Qazlal Stormbringer
  4822 | D:6      | Reached skill level 7 in Unarmed Combat
  4921 | D:6      | Reached skill level 5 in Transmutations
  5452 | D:7      | Reached XP level 9. HP: 36/40 MP: 14/17
  5460 | D:7      | Reached skill level 5 in Spellcasting
  5686 | D:7      | Reached skill level 8 in Unarmed Combat
  5711 | D:7      | Reached * piety under Qazlal
  5747 | D:7      | Found a basalt altar of Yredelemnul.
  5775 | D:7      | Found a runed door.
  5775 | D:7      | Noticed vasus's ghost (novice DsMo)
  5824 | D:7      | Found a radiant altar of Vehumet.
  5824 | D:7      | Found an iron altar of Okawaru.
  6374 | D:7      | Found an ornate altar of the Wu Jian Council.
  6706 | D:7      | Found a runed door.
  6721 | D:7      | Found a basalt altar of Yredelemnul.
  7610 | D:7      | Found an ornate altar of the Wu Jian Council.
  7682 | D:8      | Noticed Grum
  7816 | D:8      | Reached skill level 9 in Unarmed Combat
  7822 | D:8      | Killed Grum
  7953 | D:8      | Reached XP level 10. HP: 44/44 MP: 18/20
  8083 | D:8      | Reached ** piety under Qazlal
  8278 | D:8      | Found Ustrez's Assorted Antiques.
  8313 | D:8      | Reached skill level 5 in Armour
  8647 | D:9      | Noticed a two-headed ogre
  8668 | D:9      | Killed a two-headed ogre
  8668 | D:9      | Reached skill level 1 in Shields
  8668 | D:9      | Reached skill level 10 in Unarmed Combat
  8886 | D:9      | Gained mutation: Your movements are slightly less
                  | encumbered by armour. (ER -2) [potion of mutation]
  8886 | D:9      | Gained mutation: You are partially covered in molten
                  | scales. (AC +2) [potion of mutation]
  8905 | D:9      | Found a shadowy altar of Dithmenos.
  9108 | D:9      | Found a staircase to the Lair.
  9139 | Lair:1   | Entered Level 1 of the Lair of Beasts
  9178 | D:9      | Reached XP level 11. HP: 27/48 MP: 14/22
  9251 | Lair:1   | Reached *** piety under Qazlal
  9445 | Lair:1   | Reached skill level 11 in Unarmed Combat
  9457 | Lair:1   | HP: 2/48 [porcupine (3)]
  9594 | Lair:1   | Found a labyrinth entrance.
  9612 | Lab      | Entered a labyrinth
 10293 | Lab      | Noticed a minotaur
 10297 | Lab      | Hit by a silver javelin thrown by a minotaur

Skill      XL: |  1  2  3  4  5  6  7  8  9 10 11 |
---------------+----------------------------------+-----
Dodging        | 2 |  2.2
Unarmed Combat | 4 5 6 7 9 10 11 | 11.1
Transmutations | 3 4 5 6 7 |  7.9
Armour         | 1 2 3 4 5 6 |  6.0
Spellcasting   | 3 4 6 7 |  7.6
Shields        | 2 3 |  3.3
Fighting       | |  0.8

Action                   |  1- 3 |  4- 6 |  7- 9 | 10-12 || total
-------------------------+-------+-------+-------+-------++-------
Melee: Unarmed           |   112 |   267 |   479 |   221 ||  1079
       Bite              |    27 |    70 |   120 |    71 ||   288
       Kick              |       |    18 |    32 |    27 ||    77
       Punch             |       |     5 |    13 |    16 ||    34
 Cast: Beastly Appendage |       |     6 |    13 |     9 ||    28
       Sticks to Snakes  |       |       |     1 |       ||     1
Invok: Upheaval          |       |       |       |     1 ||     1
Evoke: Wand              |       |       |     2 |     1 ||     3
  Use: Scroll            |       |     4 |    10 |     1 ||    15
       Potion            |       |       |       |     1 ||     1
 Stab: Sleeping          |     2 |       |       |       ||     2
  Eat: Chunk             |     3 |     5 |     8 |     7 ||    23
       Ration            |       |       |     3 |     1 ||     4
Armor: Robe              |     5 |       |       |       ||     5
       Leather armour    |    35 |    22 |       |       ||    57
       Scale mail        |       |   115 |   226 |   141 ||   482
Dodge: Dodged            |    78 |   142 |   262 |   146 ||   628
Block: Other             |       |       |    11 |    28 ||    39
